[Event "VI Floripa Open 2020"]
[Site "Florianopolis"]
[Date "2020.01.21"]
[Round "2.113"]
[White "Niehues, Luiz Cesar"]
[Black "Torres, Eduardo Lisboa"]
[Result "0-1"]
[ECO "E90"]
[WhiteElo "1507"]
[BlackElo "1850"]
[Annotator "NA"]
[PlyCount "56"]
[EventDate "2020.01.20"]
[EventType "swiss"]
[EventRounds "10"]
[EventCountry "BRA"]
[SourceTitle "playchess.com"]
[Source "ChessBase"]
[SourceQuality "1"]
[TimeControl "5400+30"]

1. d4 Nf6 2. Nf3 g6 3. c4 Bg7 4. Nc3 O-O 5. e4 d6 6. h3 e5 7. d5 Nbd7 8. Be3 a5 9. Qd2 b6 10. g4 Nc5 11. Bxc5 bxc5 12. Bd3 Kh8 13. Ke2 a4 14. Bc2 Bd7 15. Rab1 c6 16. Rhd1 cxd5 17. cxd5 Nxg4 18. hxg4 Bxg4 19. Rh1 f5 20. Rbg1 Qf6 21. Rg3 Rab8 22. Bb1 Rb4 23. Kf1 Rfb8 24. Ng5 h6 25. Rxh6+ Bxh6 26. Nf7+ Qxf7 27. Qxh6+ Qh7 28. Qg5 Rxb2 0-1

[Event "VI Floripa Open 2020"]
[Site "Florianopolis"]
[Date "2020.01.21"]
[Round "2.114"]
[White "Reinaldo Dos Santos, Julio"]
[Black "Flores, Clarice Soares Leite"]
[Result "1-0"]
[ECO "A57"]
[WhiteElo "1849"]
[BlackElo "1546"]
[Annotator "NA"]
[PlyCount "69"]
[EventDate "2020.01.20"]
[EventType "swiss"]
[EventRounds "10"]
[EventCountry "BRA"]
[SourceTitle "playchess.com"]
[Source "ChessBase"]
[SourceQuality "1"]
[TimeControl "5400+30"]

1. d4 Nf6 2. c4 c5 3. d5 b5 4. Qc2 bxc4 5. e4 d6 6. Nc3 g6 7. Bxc4 Bg7 8. Nf3 Nbd7 9. h3 O-O 10. O-O Bb7 11. Bf4 Ne8 12. Rfe1 Rc8 13. Rad1 Nb6 14. Bf1 Nd7 15. Qd2 Nc7 16. g4 Re8 17. Bg2 Ba6 18. e5 dxe5 19. Nxe5 Nxe5 20. Bxe5 Bxe5 21. Rxe5 Qd6 22. Ree1 Qb6 23. Ne4 Rcd8 24. d6 exd6 25. Nf6+ Kg7 26. Nxe8+ Rxe8 27. Rxe8 Nxe8 28. Re1 Nc7 29. Re7 Ne6 30. Qc3+ Nd4 31. Bd5 Kg8 32. Qe3 Ne2+ 33. Kg2 Qb4 34. Rxf7 Bc4 35. Qe8# 1-0

[Event "VI Floripa Open 2020"]
[Site "Florianopolis"]
[Date "2020.01.21"]
[Round "2.115"]
[White "De Souza, Augusto Felipe Moura"]
[Black "Borges, Lucas Silvestre"]
[Result "1/2-1/2"]
[ECO "B23"]
[WhiteElo "1500"]
[BlackElo "1847"]
[Annotator "NA"]
[PlyCount "97"]
[EventDate "2020.01.20"]
[EventType "swiss"]
[EventRounds "10"]
[EventCountry "BRA"]
[SourceTitle "playchess.com"]
[Source "ChessBase"]
[SourceQuality "1"]
[TimeControl "5400+30"]

1. e4 c5 2. Nc3 Nc6 3. f4 g6 4. Bc4 Bg7 5. Nge2 d6 6. O-O Nf6 7. Ng3 O-O 8. h3 a6 9. a3 b5 10. Be2 Nd4 11. d3 b4 12. axb4 cxb4 13. Na2 a5 14. Be3 Nxe2+ 15. Qxe2 Ba6 16. Qf2 Nd7 17. Rab1 b3 18. Nc3 bxc2 19. Qxc2 Nc5 20. Rfd1 Rb8 21. b3 e6 22. d4 Nd7 23. Qf2 Qh4 24. Nge2 Qxf2+ 25. Kxf2 Rfc8 26. Rdc1 Bd3 27. Rb2 f5 28. e5 dxe5 29. Na4 Bxe2 30. Rxe2 Rxc1 31. Bxc1 Bf8 32. Bd2 Bb4 33. Bxb4 axb4 34. Nc5 Nxc5 35. Rc2 Kf8 36. dxc5 Ke8 37. Ke3 Kd7 38. Kd3 Ra8 39. c6+ Kc7 40. Kc4 Ra6 41. Kxb4 Rb6+ 42. Kc3 Rxc6+ 43. Kd3 Rxc2 44. Kxc2 Kb6 45. Kc3 Kc5 46. g4 h5 47. gxh5 gxh5 48. h4 Kb5 49. Kb2 1/2-1/2

[Event "VI Floripa Open 2020"]
[Site "Florianopolis"]
[Date "2020.01.21"]
[Round "2.116"]
[White "Lemos, Paulo Renato Bueno O"]
[Black "Stroher, Victor Augusto"]
[Result "1-0"]
[ECO "B30"]
[WhiteElo "1842"]
[BlackElo "1529"]
[Annotator "NA"]
[PlyCount "48"]
[EventDate "2020.01.20"]
[EventType "swiss"]
[EventRounds "10"]
[EventCountry "BRA"]
[SourceTitle "playchess.com"]
[Source "ChessBase"]
[SourceQuality "1"]
[TimeControl "5400+30"]

1. e4 c5 2. Nf3 Nc6 3. Bb5 e6 4. c3 Nge7 5. d4 cxd4 6. cxd4 d5 7. e5 Qb6 8. Nc3 Nf5 9. O-O Bd7 10. Be3 Be7 11. Qd2 O-O 12. a4 a6 13. a5 Nxa5 14. Bxd7 Nb3 15. Qd1 Nxa1 16. Qxa1 Nxe3 17. fxe3 Rfd8 18. Ba4 Rac8 19. Rf2 Rc7 20. Qf1 Qb4 21. Bc2 f5 22. exf6 Bxf6 23. h4 Rf8 24. Ng5 Bxg5 1-0

[Event "VI Floripa Open 2020"]
[Site "Florianopolis"]
[Date "2020.01.21"]
[Round "2.117"]
[White "Peroza, Eduardo Antunes"]
[Black "Hataby, Raed"]
[Result "0-1"]
[ECO "B09"]
[WhiteElo "1712"]
[BlackElo "1963"]
[Annotator "NA"]
[PlyCount "102"]
[EventDate "2020.01.20"]
[EventType "swiss"]
[EventRounds "10"]
[EventCountry "BRA"]
[SourceTitle "playchess.com"]
[Source "ChessBase"]
[SourceQuality "1"]
[TimeControl "5400+30"]

1. e4 d6 2. d4 Nf6 3. Nc3 g6 4. f4 Bg7 5. Nf3 c5 6. dxc5 Qa5 7. Qd3 Qxc5 8. Be3 Qa5 9. Be2 Nc6 10. O-O O-O 11. a3 Be6 12. b4 Qc7 13. Nb5 Qb8 14. Rad1 Ng4 15. Nfd4 Nxe3 16. Qxe3 Bd7 17. c4 a6 18. Nxc6 Bxc6 19. Nd4 Qa7 20. Bf3 Ba4 21. Rd3 Rfc8 22. Rc1 e5 23. Ne2 Qxe3+ 24. Rxe3 exf4 25. Rd3 Be5 26. Kf2 Bd7 27. Nd4 Rc7 28. Be2 Rac8 29. Nf3 Bc6 30. Nd2 h5 31. c5 dxc5 32. Rxc5 f6 33. Nc4 Bxe4 34. Nxe5 Rxc5 35. bxc5 fxe5 36. Rc3 Kf7 37. g3 Ke6 38. Bc4+ Kf6 39. Be2 Rc7 40. Rc1 Bc6 41. Rc3 Rd7 42. gxf4 exf4 43. Rc4 Ke5 44. Rc1 Rd2 45. Ke1 Rb2 46. Rd1 f3 47. Bd3 Rxh2 48. Bxg6 f2+ 49. Ke2 Rg2 50. Bd3 Kf4 51. Bc4 Bf3+ 0-1

[Event "VI Floripa Open 2020"]
[Site "Florianopolis"]
[Date "2020.01.21"]
[Round "2.118"]
[White "Jardim, Tamiris Salvador"]
[Black "Ramillo, Vitoria Matheus"]
[Result "1-0"]
[ECO "C55"]
[WhiteElo "1418"]
[BlackElo "1841"]
[Annotator "NA"]
[PlyCount "91"]
[EventDate "2020.01.20"]
[EventType "swiss"]
[EventRounds "10"]
[EventCountry "BRA"]
[SourceTitle "playchess.com"]
[Source "ChessBase"]
[SourceQuality "1"]
[TimeControl "5400+30"]

1. e4 e5 2. Nf3 Nc6 3. Bc4 Nf6 4. d3 Be7 5. c3 d6 6. Bb3 O-O 7. Nbd2 Na5 8. Bc2 c5 9. O-O Re8 10. Re1 Bf8 11. Nf1 h6 12. Ng3 g6 13. Qe2 Nc6 14. Bd2 Bg7 15. h3 Rb8 16. Be3 b5 17. d4 exd4 18. cxd4 cxd4 19. Nxd4 Nxd4 20. Bxd4 Nd7 21. Bxg7 Kxg7 22. Qd3 Qf6 23. b4 Ne5 24. Qe3 Bxh3 25. gxh3 Nf3+ 26. Kg2 Nxe1+ 27. Rxe1 Rb7 28. f4 Rc7 29. Bb3 Rec8 30. e5 Qh4 31. exd6 Rc3 32. Qe5+ Kh7 33. Re3 Rxe3 34. Qxe3 Qf6 35. Qe5 Qxe5 36. fxe5 Kg7 37. Ne4 Kf8 38. Nc5 Rc6 39. d7 Ke7 40. Bxf7 a5 41. a3 g5 42. e6 axb4 43. axb4 Rc7 44. Kf3 Ra7 45. Kg4 Kf6 46. d8=Q+ 1-0

[Event "VI Floripa Open 2020"]
[Site "Florianopolis"]
[Date "2020.01.21"]
[Round "2.119"]
[White "Maia, Jonathan Cesar"]
[Black "Seiffert, Gabriel Pamplona"]
[Result "1-0"]
[ECO "A45"]
[WhiteElo "1834"]
[BlackElo "1524"]
[Annotator "NA"]
[PlyCount "89"]
[EventDate "2020.01.20"]
[EventType "swiss"]
[EventRounds "10"]
[EventCountry "BRA"]
[SourceTitle "playchess.com"]
[Source "ChessBase"]
[SourceQuality "1"]
[TimeControl "5400+30"]

1. d4 Nf6 2. Bg5 g6 3. Bxf6 exf6 4. e3 Bg7 5. g3 d5 6. Bg2 Be6 7. Nd2 O-O 8. Ne2 f5 9. c4 c6 10. Nf4 Qc7 11. cxd5 cxd5 12. Nxd5 Qd7 13. Nf4 Qe7 14. Nxe6 fxe6 15. Qb3 Rf7 16. Rc1 Na6 17. O-O Rd8 18. Rc2 Nb4 19. Rc4 Nd5 20. Bxd5 Rxd5 21. Rfc1 e5 22. Rc8+ Rd8 23. dxe5 Bxe5 24. Nf3 Bf6 25. R1c7 Qe8 26. Rxd8 Bxd8 27. Rxb7 Kg7 28. Qxf7+ Qxf7 29. Rxf7+ Kxf7 30. Kf1 Ke6 31. Ke2 Kd5 32. Kd3 Ba5 33. Nd4 Be1 34. Ke2 Ba5 35. b3 a6 36. f3 Bb4 37. Kd3 Bc5 38. e4+ fxe4+ 39. fxe4+ Ke5 40. Nf3+ Ke6 41. Kc4 Be7 42. g4 h5 43. h3 hxg4 44. hxg4 Bd6 45. b4 1-0

[Event "VI Floripa Open 2020"]
[Site "Florianopolis"]
[Date "2020.01.21"]
[Round "2.120"]
[White "Blau, Vitoria Caroline"]
[Black "Bernardes, Arthur Feliphe Strut"]
[Result "0-1"]
[ECO "A52"]
[WhiteElo "1409"]
[BlackElo "1828"]
[Annotator "NA"]
[PlyCount "62"]
[EventDate "2020.01.20"]
[EventType "swiss"]
[EventRounds "10"]
[EventCountry "BRA"]
[SourceTitle "playchess.com"]
[Source "ChessBase"]
[SourceQuality "1"]
[TimeControl "5400+30"]

1. d4 Nf6 2. c4 e5 3. dxe5 Ng4 4. Bf4 g5 5. Bg3 Bg7 6. Nf3 Nc6 7. h4 h6 8. Nc3 Ngxe5 9. Nxe5 Nxe5 10. hxg5 hxg5 11. Rxh8+ Bxh8 12. Qc2 Ng6 13. e3 d6 14. Be2 Be6 15. Rd1 Qe7 16. Nd5 Bxd5 17. cxd5 O-O-O 18. a4 Be5 19. Bxe5 Qxe5 20. Rc1 Qe7 21. a5 a6 22. b4 Rh8 23. Kd2 Rh2 24. Bg4+ Kb8 25. Qf5 Qe8 26. Bh3 Ne5 27. Ke2 Qd8 28. f3 Qh8 29. Qxg5 Qxh3 30. Kd1 Rxg2 31. Qd8+ Ka7 0-1

[Event "VI Floripa Open 2020"]
[Site "Florianopolis"]
[Date "2020.01.21"]
[Round "2.121"]
[White "Horisch, Juan Pablo"]
[Black "Borges, Paulo Felipe Rosa"]
[Result "1-0"]
[ECO "B50"]
[WhiteElo "1824"]
[BlackElo "1512"]
[Annotator "NA"]
[PlyCount "77"]
[EventDate "2020.01.20"]
[EventType "swiss"]
[EventRounds "10"]
[EventCountry "BRA"]
[SourceTitle "playchess.com"]
[Source "ChessBase"]
[SourceQuality "1"]
[TimeControl "5400+30"]

1. Nf3 c5 2. e4 d6 3. Nc3 g6 4. a4 Nc6 5. Bc4 e6 6. d3 Be7 7. O-O Nf6 8. h3 O-O 9. Ba2 b6 10. Re1 Bb7 11. Bf4 Nd7 12. Qd2 Nb4 13. Bb1 d5 14. e5 d4 15. Ne4 Nd5 16. Bh2 Rb8 17. Ba2 b5 18. a5 Qc7 19. c3 dxc3 20. bxc3 Rfd8 21. h4 Nf8 22. h5 h6 23. Qe2 Nh7 24. Rec1 Qd7 25. Rd1 Rbc8 26. Rac1 Qc6 27. Nd6 Ba8 28. d4 c4 29. Bb1 Ng5 30. Nxg5 Bxg5 31. Qe4 Kf8 32. Qf3 Rxd6 33. exd6 Bxc1 34. Rxc1 Nf6 35. Qh3 Nxh5 36. f3 Nf6 37. Rd1 Rd8 38. Qh4 Qd5 39. Kh1 1-0

[Event "VI Floripa Open 2020"]
[Site "Florianopolis"]
[Date "2020.01.21"]
[Round "2.122"]
[White "Borba Da Rosa, Rodrigo"]
[Black "Boabaid, Jorge Alberto Duarde"]
[Result "0-1"]
[ECO "C68"]
[WhiteElo "1294"]
[BlackElo "1823"]
[Annotator "NA"]
[PlyCount "86"]
[EventDate "2020.01.20"]
[EventType "swiss"]
[EventRounds "10"]
[EventCountry "BRA"]
[SourceTitle "playchess.com"]
[Source "ChessBase"]
[SourceQuality "1"]
[TimeControl "5400+30"]

1. e4 e5 2. Nf3 Nc6 3. Bb5 a6 4. Bxc6 dxc6 5. h3 f6 6. c3 Be6 7. d4 exd4 8. cxd4 Bb4+ 9. Nc3 Ne7 10. O-O O-O 11. a3 Bxc3 12. bxc3 b5 13. e5 Nd5 14. Qc2 Qd7 15. Re1 Rae8 16. Bd2 Bf5 17. Qb3 Kh8 18. c4 Nb6 19. g4 Be6 20. Bf4 Nxc4 21. Qc3 Nb6 22. Rad1 Nd5 23. Qd2 Bxg4 24. e6 Bxe6 25. Kh2 Bxh3 26. Ng1 Be6 27. Bg3 Qf7 28. Rc1 Qh5+ 29. Kg2 Bd7 30. Qa5 f5 31. f4 g5 32. Qd2 gxf4 33. Rxe8 Rxe8 34. Bf2 Ne3+ 35. Bxe3 Qg4+ 36. Kf1 fxe3 37. Qe2 Qe4 38. d5 f4 39. dxc6 Bxc6 40. Qb2+ Kg8 41. Rc2 f3 42. Qf6 Qxc2 43. Qg5+ Qg6 0-1

[Event "VI Floripa Open 2020"]
[Site "Florianopolis"]
[Date "2020.01.21"]
[Round "2.123"]
[White "Bitencourt, Evandro Jose dos S"]
[Black "Ferreira De Souza, Ricardo"]
[Result "1-0"]
[ECO "B31"]
[WhiteElo "1819"]
[BlackElo "1420"]
[Annotator "NA"]
[PlyCount "72"]
[EventDate "2020.01.20"]
[EventType "swiss"]
[EventRounds "10"]
[EventCountry "BRA"]
[SourceTitle "playchess.com"]
[Source "ChessBase"]
[SourceQuality "1"]
[TimeControl "5400+30"]

1. e4 c5 2. Nf3 Nc6 3. Bb5 a6 4. Bxc6 bxc6 5. d3 g6 6. O-O Bg7 7. Re1 Qb6 8. Nbd2 d5 9. h3 h6 10. c3 Be6 11. Qe2 Nf6 12. exd5 cxd5 13. Nh4 O-O 14. Nxg6 fxg6 15. Qxe6+ Qxe6 16. Rxe6 Kf7 17. Re1 Rfe8 18. Nf3 Nd7 19. d4 e5 20. dxe5 Nxe5 21. Nxe5+ Bxe5 22. Bxh6 Rab8 23. Rab1 Rb6 24. Bd2 Rbe6 25. f4 Bc7 26. Rxe6 Rxe6 27. Kf2 Re4 28. g3 Bb6 29. Re1 Ra4 30. a3 d4 31. cxd4 cxd4 32. Bb4 a5 33. b3 Rxb4 34. axb4 axb4 35. Rd1 d3+ 36. Ke1 Ba5 1-0

[Event "VI Floripa Open 2020"]
[Site "Florianopolis"]
[Date "2020.01.21"]
[Round "2.124"]
[White "Felix, Raimundo Nascimento"]
[Black "Elesbao, Bernardo Dartora"]
[Result "1-0"]
[ECO "B80"]
[WhiteElo "1813"]
[BlackElo "1352"]
[Annotator "NA"]
[PlyCount "49"]
[EventDate "2020.01.20"]
[EventType "swiss"]
[EventRounds "10"]
[EventCountry "BRA"]
[SourceTitle "playchess.com"]
[Source "ChessBase"]
[SourceQuality "1"]
[TimeControl "5400+30"]

1. e4 c5 2. Nf3 e6 3. Nc3 a6 4. g3 Nf6 5. d4 cxd4 6. Nxd4 Qc7 7. Bg2 Nc6 8. O-O d6 9. Be3 Be7 10. Na4 b5 11. Nxc6 Qxc6 12. Nb6 Rb8 13. e5 Ne4 14. Nxc8 Rxc8 15. Qg4 d5 16. Qxg7 Kd7 17. Bxe4 dxe4 18. Qxf7 Rc7 19. a4 b4 20. c3 b3 21. a5 Kc8 22. Qg7 Rf8 23. Bb6 Rb7 24. Rad1 Bc5 25. Qxf8+ 1-0

[Event "VI Floripa Open 2020"]
[Site "Florianopolis"]
[Date "2020.01.21"]
[Round "2.125"]
[White "Lanznaster, Joao Vitor"]
[Black "Frattini, Beatriz Maria"]
[Result "0-1"]
[ECO "B90"]
[WhiteElo "1270"]
[BlackElo "1809"]
[Annotator "NA"]
[PlyCount "60"]
[EventDate "2020.01.20"]
[EventType "swiss"]
[EventRounds "10"]
[EventCountry "BRA"]
[SourceTitle "playchess.com"]
[Source "ChessBase"]
[SourceQuality "1"]
[TimeControl "5400+30"]

1. e4 c5 2. Nf3 d6 3. d4 cxd4 4. Nxd4 Nf6 5. Nc3 a6 6. Be3 e5 7. Nb3 Be7 8. Bd3 Be6 9. O-O b5 10. a3 Nbd7 11. Qd2 Ng4 12. h3 Nxe3 13. Qxe3 O-O 14. Qe2 Nc5 15. Nxc5 dxc5 16. b3 Qd4 17. Qd2 c4 18. Ne2 Qd7 19. bxc4 bxc4 20. Rad1 cxd3 21. Qc3 dxe2 22. Rxd7 exf1=Q+ 23. Kxf1 Bxd7 24. Qxe5 Bb5+ 25. Kg1 Bxa3 26. Qc3 Be7 27. Qe5 Rfe8 28. Qd5 Red8 29. Qb7 Bc5 30. g3 Ra7 0-1

[Event "VI Floripa Open 2020"]
[Site "Florianopolis"]
[Date "2020.01.21"]
[Round "2.126"]
[White "De Camargo, Elisandy Yolainny Mi"]
[Black "Simao Vasconcellos, Pedro August"]
[Result "0-1"]
[ECO "B30"]
[WhiteElo "1220"]
[BlackElo "1805"]
[Annotator "NA"]
[PlyCount "82"]
[EventDate "2020.01.20"]
[EventType "swiss"]
[EventRounds "10"]
[EventCountry "BRA"]
[SourceTitle "playchess.com"]
[Source "ChessBase"]
[SourceQuality "1"]
[TimeControl "5400+30"]

1. e4 c5 2. Nc3 Nc6 3. Nf3 g6 4. Bc4 Bg7 5. O-O e6 6. Re1 d6 7. d3 Nge7 8. Bb5 O-O 9. Bxc6 Nxc6 10. Be3 Nd4 11. a3 Bd7 12. Bxd4 cxd4 13. Ne2 e5 14. h3 Qf6 15. c3 Bxh3 16. Ng3 Bg4 17. Kf1 Rfd8 18. cxd4 exd4 19. Qe2 Rac8 20. e5 dxe5 21. Qxe5 Bxf3 22. Qxf6 Bxg2+ 23. Kxg2 Bxf6 24. Ne4 Be7 25. b4 Rc2 26. Rac1 Rdc8 27. Rxc2 Rxc2 28. Ng3 Kf8 29. Re4 Bf6 30. Rf4 Kg7 31. a4 Rb2 32. Ne4 Be5 33. Rh4 Rxb4 34. Nc5 Bd6 35. Ne4 Be7 36. Rh1 Rxa4 37. f4 Ra2+ 38. Kg3 Rb2 39. Re1 b5 40. Ng5 Bxg5 41. fxg5 b4 0-1

[Event "VI Floripa Open 2020"]
[Site "Florianopolis"]
[Date "2020.01.21"]
[Round "2.128"]
[White "Duarte, Leonardo Torqui"]
[Black "De Haro, Martim Afonso Palma"]
[Result "0-1"]
[ECO "B30"]
[WhiteElo "1196"]
[BlackElo "1804"]
[Annotator "NA"]
[PlyCount "59"]
[EventDate "2020.01.20"]
[EventType "swiss"]
[EventRounds "10"]
[EventCountry "BRA"]
[SourceTitle "playchess.com"]
[Source "ChessBase"]
[SourceQuality "1"]
[TimeControl "5400+30"]

1. e4 c5 2. Nf3 g6 3. Bc4 Bg7 4. d3 Nc6 5. Nc3 e6 6. O-O Nge7 7. Re1 d6 8. Bf4 a6 9. Qd2 b5 10. Bb3 O-O 11. e5 d5 12. a3 c4 13. dxc4 dxc4 14. Qxd8 Rxd8 15. Ba2 Bb7 16. a4 Nb4 17. Rac1 Ned5 18. Nxd5 Nxd5 19. Bg5 Rd7 20. axb5 axb5 21. b3 Nc3 22. bxc4 Nxa2 23. Rb1 Bxf3 24. gxf3 Bxe5 25. cxb5 f6 26. Bh6 Ba1 27. Rxa1 Rdd8 28. b6 Nc3 29. Ra7 Rxa7 30. bxa7 {Ilegivel} 0-1

[Event "VI Floripa Open 2020"]
[Site "Florianopolis"]
[Date "2020.01.21"]
[Round "2.129"]
[White "Feller, Isadora Cristina Vic"]
[Black "Goncalves, Luiz Osvaldo Cifuent"]
[Result "1/2-1/2"]
[ECO "C45"]
[WhiteElo "1177"]
[BlackElo "1801"]
[Annotator "NA"]
[PlyCount "88"]
[EventDate "2020.01.20"]
[EventType "swiss"]
[EventRounds "10"]
[EventCountry "BRA"]
[SourceTitle "playchess.com"]
[Source "ChessBase"]
[SourceQuality "1"]
[TimeControl "5400+30"]

1. e4 e5 2. Nf3 Nc6 3. d4 exd4 4. Nxd4 Qf6 5. Be3 Bc5 6. c3 Nge7 7. Bc4 d6 8. O-O Ne5 9. Be2 Qg6 10. f3 a6 11. b4 Bb6 12. Nd2 O-O 13. N2b3 c5 14. Nc2 Bh3 15. Rf2 Rac8 16. Qd2 Rfd8 17. Rd1 Rc6 18. bxc5 Bc7 19. Nb4 h6 20. Nxc6 N7xc6 21. Qc2 Rc8 22. cxd6 Bxd6 23. f4 Ng4 24. Bxg4 Bxg4 25. Re1 Nb4 26. Qd2 Nc6 27. f5 Qf6 28. h3 Ne5 29. hxg4 Nxg4 30. Rf3 Nxe3 31. Rexe3 Rd8 32. Qe2 Bc7 33. Rd3 Re8 34. a4 Qh4 35. Rh3 Bh2+ 36. Kf1 Qf4+ 37. Rdf3 Qe5 38. Nd2 Qc5 39. Rxh2 Qa3 40. Qd1 Rd8 41. g4 Qd6 42. Ke1 f6 43. Qb3+ Kh7 44. Nc4 Qe7 1/2-1/2

[Event "VI Floripa Open 2020"]
[Site "Florianopolis"]
[Date "2020.01.21"]
[Round "2.130"]
[White "Moreira, Carolina Ziemer Vila"]
[Black "Ribeiro, Fabiano Pinto"]
[Result "0-1"]
[ECO "B22"]
[WhiteElo "1152"]
[BlackElo "1798"]
[Annotator "NA"]
[PlyCount "110"]
[EventDate "2020.01.20"]
[EventType "swiss"]
[EventRounds "10"]
[EventCountry "BRA"]
[SourceTitle "playchess.com"]
[Source "ChessBase"]
[SourceQuality "1"]
[TimeControl "5400+30"]

1. e4 c5 2. c3 d5 3. exd5 Qxd5 4. Na3 a6 5. Nf3 e6 6. Be2 Nf6 7. O-O Nc6 8. Nc2 Be7 9. d4 O-O 10. Be3 c4 11. Bg5 b5 12. Ne3 Qd6 13. b3 cxb3 14. axb3 Bb7 15. Qc2 Rac8 16. Qb2 e5 17. Nf5 Qe6 18. Nxe7+ Qxe7 19. Rfd1 exd4 20. Nxd4 Nxd4 21. Rxd4 Qe5 22. Bxf6 Qxf6 23. Rd7 Qc6 24. Rxb7 Qxb7 25. Bf3 Qb6 26. g3 Rc7 27. Kg2 h6 28. Rc1 Qf6 29. Be2 Rd8 30. Qa2 Rcd7 31. Rc2 Rd6 32. c4 bxc4 33. Bxc4 Qg5 34. b4 Rf6 35. Bxa6 Qg4 36. Be2 Qxb4 37. Rb2 Qd4 38. Bf3 Qd3 39. Be2 Qd5+ 40. f3 Qxa2 41. Rxa2 Rc6 42. Ra1 Rc2 43. Kf2 Re8 44. Re1 Rb2 45. Kf1 g6 46. Kf2 Reb8 47. Ke3 Rb1 48. Kf2 Kg7 49. Rg1 Rxg1 50. Kxg1 Rb2 51. Kf2 f5 52. h4 Kf6 53. Kf1 Ke5 54. f4+ Ke4 55. Kf2 h5 0-1

[Event "VI Floripa Open 2020"]
[Site "Florianopolis"]
[Date "2020.01.21"]
[Round "2.138"]
[White "Franca Junior, Jairo"]
[Black "Machado, Luiz Fernando"]
[Result "0-1"]
[ECO "C06"]
[WhiteElo "1785"]
[BlackElo "1492"]
[Annotator "NA"]
[PlyCount "62"]
[EventDate "2020.01.20"]
[EventType "swiss"]
[EventRounds "10"]
[EventCountry "BRA"]
[SourceTitle "playchess.com"]
[Source "ChessBase"]
[SourceQuality "1"]
[TimeControl "5400+30"]

1. e4 e6 2. d4 d5 3. Nd2 Nf6 4. e5 Nfd7 5. Bd3 c5 6. c3 Nc6 7. Ne2 Qb6 8. Nf3 f6 9. exf6 Nxf6 10. O-O c4 11. Bc2 Bd6 12. Re1 O-O 13. Ng3 Bd7 14. Qe2 Rae8 15. Ne5 Bxe5 16. dxe5 Ng4 17. Nh1 Ngxe5 18. Qh5 Nd3 19. b4 Rf5 20. Qh4 Nxe1 21. Bxf5 exf5 22. Be3 Rxe3 23. fxe3 Qxe3+ 24. Qf2 Qxf2+ 25. Nxf2 Nd3 26. Nxd3 cxd3 27. Re1 f4 28. Kf2 Bf5 29. g3 fxg3+ 30. hxg3 Be4 31. Ke3 Ne5 0-1

[Event "VI Floripa Open 2020"]
[Site "Florianopolis"]
[Date "2020.01.21"]
[Round "2.139"]
[White "Warginowski, Leticia"]
[Black "Gomes, Carlos Henrique Cald"]
[Result "0-1"]
[ECO "E81"]
[WhiteElo "1383"]
[BlackElo "1757"]
[Annotator "NA"]
[PlyCount "40"]
[EventDate "2020.01.20"]
[EventType "swiss"]
[EventRounds "10"]
[EventCountry "BRA"]
[SourceTitle "playchess.com"]
[Source "ChessBase"]
[SourceQuality "1"]
[TimeControl "5400+30"]

1. d4 Nf6 2. c4 g6 3. Nc3 Bg7 4. e4 d6 5. f3 O-O 6. Be3 Nbd7 7. Qd2 c5 8. d5 Ne5 9. Be2 a6 10. h3 Qc7 11. f4 Ned7 12. g4 e6 13. dxe6 fxe6 14. Bd3 Nb6 15. f5 exf5 16. exf5 d5 17. cxd5 gxf5 18. Bh6 Ne4 19. Nxe4 fxe4 20. Bc2 Qg3+ 0-1

[Event "VI Floripa Open 2020"]
[Site "Florianopolis"]
[Date "2020.01.21"]
[Round "2.140"]
[White "Assuncao, Darlane Brito"]
[Black "Calcada, Lucas Galvan"]
[Result "1/2-1/2"]
[ECO "A48"]
[WhiteElo "1756"]
[BlackElo "1496"]
[Annotator "NA"]
[PlyCount "79"]
[EventDate "2020.01.20"]
[EventType "swiss"]
[EventRounds "10"]
[EventCountry "BRA"]
[SourceTitle "playchess.com"]
[Source "ChessBase"]
[SourceQuality "1"]
[TimeControl "5400+30"]

1. d4 Nf6 2. Nf3 g6 3. Bf4 Bg7 4. e3 O-O 5. Be2 d6 6. h3 Nfd7 7. Bg5 c5 8. c3 Nc6 9. Nbd2 cxd4 10. exd4 Nf6 11. O-O e5 12. dxe5 dxe5 13. Bb5 Qc7 14. Qa4 Bd7 15. Qh4 Nh5 16. g4 Nf4 17. Ne4 f5 18. Bc4+ Be6 19. Bxe6+ Nxe6 20. Nf6+ Bxf6 21. Bxf6 e4 22. Nd4 Ncxd4 23. cxd4 Qf7 24. g5 h5 25. a3 Nc7 26. Rac1 Nd5 27. Be5 Rac8 28. Qg3 f4 29. Qb3 e3 30. Rxc8 exf2+ 31. Rxf2 Rxc8 32. Bxf4 Nxf4 33. Qxf7+ Kxf7 34. Rxf4+ Ke7 35. Kg2 Rc2+ 36. Rf2 Rc4 37. Rd2 Ke6 38. Kf3 Kd5 39. Ke3 Rc6 40. Kd3 1/2-1/2

[Event "VI Floripa Open 2020"]
[Site "Florianopolis"]
[Date "2020.01.21"]
[Round "2.141"]
[White "Salvadego, Erika Giovana De O."]
[Black "Melo, Sergio Roberto Sampa"]
[Result "1/2-1/2"]
[ECO "A47"]
[WhiteElo "1461"]
[BlackElo "1724"]
[Annotator "NA"]
[PlyCount "49"]
[EventDate "2020.01.20"]
[EventType "swiss"]
[EventRounds "10"]
[EventCountry "BRA"]
[SourceTitle "playchess.com"]
[Source "ChessBase"]
[SourceQuality "1"]
[TimeControl "5400+30"]

1. d4 Nf6 2. Nf3 b6 3. Bg5 Ne4 4. Bf4 Bb7 5. c3 e6 6. e3 Be7 7. Nbd2 d6 8. Nxe4 Bxe4 9. Nd2 Bb7 10. e4 Nd7 11. Bd3 e5 12. Be3 Bg5 13. O-O Bxe3 14. fxe3 Nf6 15. Qf3 Qd7 16. Qg3 Qg4 17. Qf2 O-O 18. d5 Qg5 19. Nf3 Qh6 20. h3 Bc8 21. Nd2 Qg5 22. Nf3 Qh6 23. Nd2 Qg5 24. Nf3 Qh6 25. Qd2 1/2-1/2

[Event "VI Floripa Open 2020"]
[Site "Florianopolis"]
[Date "2020.01.21"]
[Round "2.142"]
[White "Teramoto, Anderson"]
[Black "McKenna, Michael"]
[Result "1-0"]
[ECO "D45"]
[WhiteElo "1624"]
[BlackElo "1296"]
[Annotator "NA"]
[PlyCount "85"]
[EventDate "2020.01.20"]
[EventType "swiss"]
[EventRounds "10"]
[EventCountry "BRA"]
[SourceTitle "playchess.com"]
[Source "ChessBase"]
[SourceQuality "1"]
[TimeControl "5400+30"]

1. d4 d5 2. c4 c6 3. e3 Nf6 4. Nc3 e6 5. Nf3 Bb4 6. Bd2 Nbd7 7. Rc1 Nb6 8. cxd5 exd5 9. h3 Bf5 10. Be2 Nc4 11. Qb3 Qe7 12. a3 Nxa3 13. bxa3 Bxa3 14. Ra1 Bb4 15. Na2 Bxd2+ 16. Nxd2 O-O 17. Bd3 Bxd3 18. Qxd3 Ne4 19. Nxe4 Qxe4 20. Qxe4 dxe4 21. Nc3 f5 22. Ke2 b5 23. Ra6 b4 24. Na4 Rf6 25. Rb1 c5 26. Nxc5 Rxa6 27. Nxa6 Rc8 28. Kd2 Kf7 29. Rxb4 Ke6 30. Nc5+ Kd5 31. Kc3 a5 32. Ra4 Ra8 33. Nb3 g5 34. Rxa5+ Rxa5 35. Nxa5 h5 36. Nc4 f4 37. Ne5 Ke6 38. Kd2 Kf5 39. Ke2 g4 40. hxg4+ hxg4 41. exf4 Kxf4 42. g3+ Kf5 43. Ke3 1-0